 Dungeon Crawl Stone Soup version 0.29.1-13-g9f3cf754e1 (webtiles) character file.

Game seed: 4765978464833348563

455 Thatpatchoflichen the Trooper (level 7, -10/63 HPs)
             Began as a Hill Orc Monk on Jan 19, 2023.
             Killed by divine providence
             ... invoked by an orc priest
              (15 damage)
             ... on level 6 of the Dungeon.
             The game lasted 00:18:01 (6824 turns).

Thatpatchoflichen the Trooper (Hill Orc Monk)       Turns: 6824, Time: 00:18:02

Health: -10/63     AC: 10    Str: 16    XL:     7   Next: 5%
Magic:  7/7        EV: 11    Int: 10    God:
Gold:   480        SH:  0    Dex: 13    Spells: 6/6 levels left

rFire   . . .      SeeInvis .   a - +1 mace
rCold   . . .      Faith    .   (no shield)
rNeg    + . .      Spirit   .   B - +0 chain mail
rPois   .          Reflect  .   (no helmet)
rElec   .          Harm     +   v - scarf {harm}
rCorr   .          Rampage  .   b - +0 pair of gloves
Will    .....                   (no boots)
Stlth   ..........              (no amulet)
HPRegen 0.20/turn               e - ring of positive energy
MPRegen 0.10/turn               m - +4 ring of evasion

@: no status effects
A: no striking features
a: Convert to Beogh


You were on level 6 of the Dungeon.
You visited 1 branch of the dungeon, and saw 7 of its levels.

You collected 480 gold pieces.

Inventory:

Hand Weapons
 a - a +1 mace (weapon)
Armour
 b - a +0 pair of gloves (worn)
 v - a scarf of harm (worn)
 B - a +0 chain mail (worn)
Jewellery
 e - a ring of positive energy (left hand)
 m - a +4 ring of evasion (right hand)
 w - a ring of see invisible
 D - a ring of fire
Wands
 F - a wand of polymorph (6)
 G - a wand of paralysis (8)
 H - a wand of flame (10)
Scrolls
 g - a scroll of torment {unknown}
 h - a scroll of teleportation
 i - 2 scrolls of enchant weapon
 o - 2 scrolls of enchant armour {unknown}
 p - 2 scrolls of vulnerability {unknown}
 q - a scroll of noise {unknown}
 r - a scroll of poison {unknown}
 s - a scroll of silence {unknown}
 y - a scroll of identify {unknown}
 z - 2 scrolls of immolation {unknown}
 A - a scroll of amnesia {unknown}
 C - 2 scrolls of fog {unknown}
 I - a scroll of fear {unknown}
 J - a scroll of magic mapping {unknown}
Potions
 c - a potion of ambrosia
 d - a potion of heal wounds {unknown}
 f - a potion of resistance {unknown}
 j - 2 potions of attraction {unknown}
 k - a potion of might
 l - 4 potions of lignification
 n - a potion of magic {unknown}
 t - 5 potions of curing
 u - a potion of berserk rage {unknown}
 x - a potion of invisibility {unknown}
 E - a potion of haste {unknown}


   Skills:
 + Level 6.1 Fighting
 + Level 5.5 Maces & Flails
 + Level 4.2 Armour
 - Level 2.5 Dodging
 - Level 1.5 Stealth


You had 6 spell levels left.
You didn't know any spells.
Your spell library contained the following spells:

 Spells                   Type           Power      Damage    Failure   Level
 Sandblast                Erth           0%         2d4       99%         1
 Blink                    Tloc           0%         N/A       100%        2
 Passwall                 Tmut/Erth      0%         N/A       100%        2
 Gell's Gravitas          Tloc           0%         N/A       100%        3
 Stone Arrow              Conj/Erth      0%         3d7       100%        3
 Teleport Other           Tloc           0%         N/A       100%        3
 Manifold Assault         Tloc           0%         N/A       100%        5
 Dispersal                Tloc           0%         N/A       100%        6
 Storm Form               Tmut/Air       0%         N/A       100%        7


Dungeon Overview and Level Annotations

Branches:
Dungeon (7/15)
 Temple: D:4-7

Altars:
Cheibriados
Gozag
Kikubaaqudgha
Makhleb
Nemelex Xobeh
Qazlal
Wu Jian

Shops:
D:1 ?   D:4 =

Annotations:
D:7 Maggie


Message History

You kill the jelly!
You have reached level 7!
You start resting.
Your transformation is almost over.
You feel less wooden.
Your scarf of harm unmelds from your body.
Your +0 pair of gloves unmelds from your body.
Your +0 chain mail unmelds from your body.
You start resting.
You feel a little less mighty now.
You are no longer corroded.
You start resting.
An orc comes into view. It is wielding a +2 vorpal falchion.
The orc shouts!
An orc wizard comes into view. It is wielding a +2 antimagic dagger.
The orc wizard shouts!
There is a stone staircase leading up here.
You climb upwards.
The orc priest mumbles some strange prayers to Beogh against you.
Pain shoots through your body!
There is a stone staircase leading down here.
You start resting.
An orc priest is nearby!
What are your orders? t - Shout!
Orders for allies: a - Attack new target. r - Retreat! s - Stop attacking. g - Guard the area. f - Follow me.
Anything else - Cancel.
Okay, then.
There is an open door here.
The orc priest begins to cast a cantrip, but forgets the words!
You open the door.
The orc priest looks satisfied for a moment.
The orc priest calls down the wrath of Beogh upon you.
Beogh smites you!
* * * LOW HITPOINT WARNING * * *
There is an open door here.
The orc priest calls down the wrath of Beogh upon you.
Beogh smites you!
You die...

# ##. ###..# # ......##
.# ##.....## #.#
##.......## #..####
###.........####......#
...........'..@....#
#........o####....#
#.......## ......#
##.....## ......#
##...## .###..# ##o##
.. .# #.# ## # #.#
##.##


You could see an orc priest.

Vanquished Creatures
  A necrophage (D:3)
  A scorpion (D:6)
  2 jellies
  A hound (D:5)
  An iguana (D:4)
  Natasha (thrice) (D:2)
  4 gnolls
  2 adders
  A white imp (D:6)
  A worm (D:3)
  8 orcs
  7 endoplasms
  A giant cockroach (D:3)
  4 goblins
  4 hobgoblins
  6 jackals
  A kobold (D:1)
  4 quokkas
  5 ball pythons
  A bat (D:1)
  5 frilled lizards
  6 rats
69 creatures vanquished.

Vanquished Creatures (others)
  5 plants (D:7)
  8 withered plants (D:4)
13 creatures vanquished.

Grand Total: 82 creatures vanquished

Notes
Turn   | Place    | Note
-------+----------+-------------------------------------------
     0 | D:1      | Thatpatchoflichen the Hill Orc Monk began the quest for the
                  | Orb.
     0 | D:1      | Reached XP level 1. HP: 19/19 MP: 1/1
   346 | D:1      | Reached XP level 2. HP: 13/27 MP: 2/2
   582 | D:1      | Found Piruinum's Magic Scroll Shoppe.
   796 | D:1      | Reached skill level 1 in Armour
   964 | D:1      | Reached skill level 4 in Fighting
  1732 | D:2      | Noticed Natasha
  1734 | D:2      | Noticed a crimson imp
  1746 | D:2      | Killed Natasha
  1747 | D:2      | Reached XP level 3. HP: 22/33 MP: 3/3
  2058 | D:2      | Noticed Natasha
  2064 | D:2      | Killed Natasha
  2065 | D:2      | Reached XP level 4. HP: 41/41 MP: 4/4
  2318 | D:2      | Noticed Natasha
  2323 | D:2      | Killed Natasha
  2586 | D:3      | Identified the +5 spear "Ische" {vorpal, Int+4}
  2705 | D:3      | Found an opulent altar of Gozag.
  2916 | D:3      | Reached XP level 5. HP: 46/47 MP: 5/5
  3393 | D:3      | Reached skill level 5 in Fighting
  3532 | D:4      | Reached XP level 6. HP: 39/56 MP: 6/6
  3559 | D:5      | Entered Level 5 of the Dungeon
  3846 | D:4      | Found an ancient bone altar of Kikubaaqudgha.
  4014 | D:4      | Found a sparkling altar of Nemelex Xobeh.
  4034 | D:4      | Found a stormy altar of Qazlal.
  4123 | D:4      | Found an ornate altar of the Wu Jian Council.
  4129 | D:4      | Noticed a spectral centipede
  4129 | D:4      | Noticed a spectral black mamba
  4129 | D:4      | Noticed a spectral cane toad
  4513 | D:4      | Found Vaqown's Jewellery Boutique.
  4881 | D:4      | Reached skill level 5 in Maces & Flails
  5458 | D:5      | Found a snail-covered altar of Cheibriados.
  5518 | D:5      | Noticed a yak
  5518 | D:5      | Noticed a yak
  5518 | D:5      | Noticed a yak
  5702 | D:7      | Noticed Maggie
  5862 | D:6      | Found a burning altar of Makhleb.
  6048 | D:6      | Noticed a black bear
  6198 | D:6      | Reached skill level 6 in Fighting
  6707 | D:7      | Reached XP level 7. HP: 7/63 MP: 7/7
  6824 | D:6      | Killed from afar by an orc priest

Illustrated notes

Levels and vault maps discovered:
D:1:      dpeg_arrival_arbitrary_a, layout_loops_corners, serial_shops, shop
D:2:      layout_basic, uniq_natasha
D:3:      layout_loops_ring, marbit_many_paths, minmay_box_of_dots
D:4:      layout_loops_cross, old_standard_altar,
          pdpol_wu_jian_five_deadly_venoms, mainiacjoe_overflow_alcove_2,
          kiku_gazebo_garden_becter, serial_shops, shop
D:5:      layout_loops_ring, kennysheep_mini,
          mainiacjoe_overflow_six_doors_small, dk_noncrumbling_3, moated_statue
D:6:      layout_loops_corners, mainiacjoe_overflow_24_doors,
          general_overflow_altar, solitary_fountain, chequers_decorated_corner,
          minivault_10, nicolae_alphabet_shops
D:7:      layout_basic, minmay_temple_entry_gardened_gates, serial_shops, shop,
          glass_columns_c, palyth_stone_intersect, uniq_crazy_yiuf_cottage,
          uniq_maggie, uniq_pikel

Skill      XL: |  1  2  3  4  5  6 |
---------------+-------------------+-----
Armour         | 1 2 3 4 |  4.2
Fighting       | 4 5 6 |  6.1
Maces & Flails | 4 5 |  5.5
Dodging        | |  2.5
Stealth        | |  1.5

Action                   |  1- 3 |  4- 6 |  7- 9 || total
-------------------------+-------+-------+-------++-------
Melee: Mace              |    71 |   179 |       ||   250
       Punch             |       |     2 |       ||     2
  Use: Scroll            |       |     3 |       ||     3
       Potion            |       |     3 |       ||     3
 Stab: Sleeping          |     1 |       |       ||     1
Armor: Scale mail        |    11 |    14 |       ||    25
       Ring mail         |     7 |       |       ||     7
       Robe              |     2 |       |       ||     2
       Chain mail        |       |    62 |       ||    62
       Skin              |       |     3 |       ||     3
Dodge: Dodged            |    46 |   121 |       ||   167
